 Dungeon Crawl Stone Soup version 0.26.0-18-gc5c842f807 (webtiles) character file.

Game seed: 2270794420833856996

98 kaeus the Firebug (level 4, -3/27 HPs)
             Began as an Octopode Fire Elementalist on Jan 22, 2021.
             Slain by a gnoll
             ... wielding a +0 halberd
              (14 damage)
             ... on level 4 of the Dungeon.
             The game lasted 00:01:35 (2712 turns).

kaeus the Firebug (Octopode Fire Elementalist)      Turns: 2712, Time: 00:01:36

Health: -3/27      AC:  1    Str:  7    XL:     4   Next: 71%
Magic:  6/8        EV: 10    Int: 18    God:
Gold:   167        SH:  6    Dex: 12    Spells: 3/8 levels left

rFire    . . .     SeeInvis .   j - +3 hand axe (flame)
rCold    . . .     Faith    .   n - +0 kite shield
rNeg     . . .     Spirit   .   (helmet restricted)
rPois    .         Reflect  .   (no amulet)
rElec    .         Harm     .   (no ring)
rCorr    .         Rampage  .   (no ring)
Will     .....                  (no ring)
Stlth    +++.......             (no ring)
HPRegen  0.09/turn              (no ring)
MPRegen  0.11/turn              (no ring)
                                (no ring)
                                (no ring)

@: very slightly contaminated
A: almost no armour, stealthy swim, amphibious, 8 rings, constrict 8, camouflage
1, gelatinous body 1
a: no special abilities


You were on level 4 of the Dungeon.
You visited 1 branch of the dungeon, and saw 4 of its levels.

You collected 167 gold pieces.

Inventory:

Hand Weapons
 j - a +3 hand axe of flaming (weapon)
Armour
 n - a +0 kite shield (worn)
Scrolls
 a - 6 scrolls of identify
 c - a scroll of enchant armour {unknown}
 d - a scroll of immolation {unknown}
 e - a scroll of noise {unknown}
 g - 2 scrolls of teleportation {unknown}
 h - 2 scrolls of remove curse {unknown}
 o - a scroll of blinking {unknown}
Potions
 b - 4 potions of curing {unknown}
 f - a potion of degeneration {unknown}
 i - a potion of mutation {unknown}
 k - a potion of lignification {unknown}
 l - a potion of berserk rage {unknown}
 m - 2 potions of flight {unknown}
 p - a potion of heal wounds {unknown}


   Skills:
 - Level 2.0 Dodging
 - Level 2.6 Stealth
 + Level 2.7 Spellcasting
 + Level 2.2 Conjurations
 * Level 4.3 Fire Magic


You had 3 spell levels left.
You knew the following spells:

 Your Spells              Type           Power        Failure   Level
a - Foxfire               Conj/Fire      56%          30%         1
b - Sticky Flame          Conj/Fire      14%          97%         4

Your spell library contained the following spells:

 Spells                   Type           Power        Failure   Level
 Conjure Flame            Conj/Fire      14%          67%         3
 Animate Skeleton         Necr           4%           75%         1
 Apportation              Tloc           4%           75%         1
 Corona                   Hex            2%           75%         1
 Summon Small Mammal      Summ           8%           75%         1
 Inner Flame              Hex/Fire       10%          82%         3
 Fireball                 Conj/Fire      7%           100%        5


Dungeon Overview and Level Annotations

Branches:
Dungeon (4/15)
 Temple: D:4-7

Altars:


Innate Abilities, Weirdness & Mutations

You cannot wear most types of armour.
You are very stealthy in the water. (Stealth+)
You are amphibious.
You can wear up to eight rings at the same time.
You can use your tentacles to constrict eight enemies at once.
Your skin changes colour to match your surroundings (Stealth+).
Your rubbery body absorbs attacks. (AC +1, EV +1)


Message History

You start resting.
HP restored.
Health restored: 27 You start waiting.
Done waiting.
You climb downwards.
The gnoll hits you from afar with a +0 halberd!
There is a stone staircase leading up, spattered with blood here.
You take 11 damage, and have 16/27 hp.
MASSIVE DAMAGE!!
There are monsters nearby!
You miscast Foxfire.
You are very lightly contaminated with residual magic.
Nothing appears to happen.
The gnoll closely misses you. x2
You now have 7/8 mp.
There are monsters nearby!
You conjure some foxfire!
The gnoll hits you from afar with a +0 spear.
The gnoll hits you from afar with a +0 halberd!
Ouch! That really hurt!
You die...

<.........g#
....##.#### # ##...##
## #.#.#.## #########
...#.g.#.# #.......#
####.#...#.###.......#
......ggg....#.......#
......#v#.#..........#
.....#v@.##.##.......#
####.######.##.......#
.( #.##.......# ##
#.########..
#.########.#
#........#.#
#..#...#.#.##.
#....#...<....
##.#...#.#####


You could see 4 gnolls.

Vanquished Creatures
  Terence (D:3)
  An adder (D:3)
  An ooze (D:3)
  A worm (D:3)
  A dart slug (D:1)
  An orc (D:3)
  A ball python (D:3)
  10 bats
  2 giant cockroaches
  2 goblins
  7 hobgoblins
  2 quokkas (D:3)
  2 frilled lizards
  3 kobolds
  20 rats
55 creatures vanquished.

Vanquished Creatures (collateral kills)
  A foxfire (D:3)
1 creature vanquished.

Vanquished Creatures (others)
  147 foxfires
  4 plants (D:3)
151 creatures vanquished.

Grand Total: 207 creatures vanquished

Notes
Turn   | Place    | Note
-------+----------+-------------------------------------------
     0 | D:1      | kaeus the Octopode Fire Elementalist began the quest for
                  | the Orb.
     0 | D:1      | Reached XP level 1. HP: 11/11 MP: 3/3
   279 | D:1      | Reached XP level 2. HP: 9/17 MP: 0/5
  1067 | D:1      | Reached XP level 3. HP: 21/21 MP: 2/6
  1234 | D:2      | You fall into a shaft and drop 1 floor!
  1388 | D:3      | Noticed Terence
  1395 | D:3      | Killed Terence
  1396 | D:3      | Reached skill level 4 in Fire Magic
  1396 | D:3      | Reached XP level 4. HP: 26/27 MP: 1/7
  1521 | D:3      | Learned a level 4 spell: Sticky Flame
  2712 | D:4      | Slain by a gnoll

Illustrated notes

Levels and vault maps discovered:
D:1:      doesnt_arrival_eight_statues, layout_rooms
D:2:      layout_loops_cross
D:3:      layout_rooms, serial_forest, infiniplex_forest_clump_small,
          infiniplex_forest_clump_diagonal, infiniplex_forest_clump_tiny,
          infiniplex_forest_lined_3, infiniplex_forest_end_2,
          infiniplex_forest_clump_small, infiniplex_forest_end_3,
          infiniplex_forest_end_2, infiniplex_forest_zigzag_1, minmay_rat_hole,
          uniq_terence
D:4:      layout_loops_cross, minmay_temple_entry_junction

Skill      XL: |  1  2  3 |
---------------+----------+-----
Conjurations   | 2 |  2.2
Fire Magic     | 4 |  4.3
Dodging        | |  2.0
Stealth        | |  2.6
Spellcasting   | |  2.7

Action                   |  1- 3 |  4- 6 || total
-------------------------+-------+-------++-------
Melee: Unarmed           |    13 |       ||    13
       Constrict         |     5 |     4 ||     9
       Tentacles         |     2 |     1 ||     3
       Hand axe          |     7 |    18 ||    25
 Cast: Foxfire           |    67 |    38 ||   105
  Use: Scroll            |       |     1 ||     1
Dodge: Dodged            |     6 |    16 ||    22
Block: Kite shield       |       |     7 ||     7
